 Dungeon Crawl Stone Soup version 0.29.1-2-gbd0b4ee654 (webtiles) character file.

Game seed: 1247957225370759917

9 eriqlaplus the Gusty (level 2, 0/15 HPs)
             Began as a Tengu Air Elementalist on Oct 31, 2022.
             Slain by a jackal (2 damage)
             ... on level 1 of the Dungeon.
             The game lasted 00:00:51 (309 turns).

eriqlaplus the Gusty (Tengu Air Elementalist)        Turns: 309, Time: 00:00:51

Health: 0/15       AC:  2    Str:  8    XL:     2   Next: 12%
Magic:  1/6        EV: 12    Int: 15    God:
Gold:   21         SH:  0    Dex: 14    Spells: 4/5 levels left

rFire   . . .      SeeInvis .   (no weapon)
rCold   . . .      Faith    .   (no shield)
rNeg    . . .      Spirit   .   a - +0 robe
rPois   .          Reflect  .   (helmet restricted)
rElec   .          Harm     .   (no cloak)
rCorr   .          Rampage  .   (no gloves)
Will    .....                   (boots unavailable)
Stlth   ++........              (no amulet)
HPRegen 0.05/turn               (no ring)
MPRegen 0.10/turn               (no ring)

@: no status effects
A: beak, talons 3
a: no special abilities


You were on level 1 of the Dungeon.
You visited 1 branch of the dungeon, and saw 1 of its levels.

You collected 21 gold pieces.

Inventory:

Armour
 a - a +0 robe (worn)
Scrolls
 e - a scroll of identify {unknown}
 f - a scroll of immolation {unknown}
Potions
 b - a potion of magic
 c - a potion of attraction {unknown}
 d - a potion of flight {unknown}


   Skills:
 + Level 2.1 Dodging
 + Level 2.0 Stealth
 + Level 2.1 Spellcasting
 + Level 1.3 Conjurations
 + Level 4.6 Air Magic


You had 4 spell levels left.
You knew the following spells:

 Your Spells              Type           Power      Damage    Failure   Level
a - Shock                 Conj/Air       40%        1d5       6%          1

Your spell library contained the following spells:

 Spells                   Type           Power      Damage    Failure   Level
 Static Discharge         Conj/Air       10%        3-5/arc   10%         2
 Swiftness                Air            15%        N/A       10%         3
 Airstrike                Air            7%         2d(2-18)  32%         4


Dungeon Overview and Level Annotations

Branches:
Dungeon (1/15)

Altars:


Innate Abilities, Weirdness & Mutations

You have a beak for a mouth.
You have claws for feet.


Message History

The jackal bites you but does no damage.
The jackal barely misses you.
You hear a shout!
You hit the jackal. Your kick misses the jackal.
The jackal is severely wounded.
The jackal closely misses you.
The jackal bites you but does no damage.
The jackal barely misses you.
You hit the jackal but do no damage. You claw the jackal.
You kill the jackal!
The jackal bites you.
The jackal bites you but does no damage.
The giant cockroach bites you but does no damage.
You have reached level 2!
You hit the giant cockroach but do no damage.
The jackal bites you but does no damage.
The jackal bites you. The giant cockroach closely misses you.
Your magical contamination has completely faded away.
You hit the giant cockroach but do no damage.
The jackal bites you. The jackal closely misses you.
The giant cockroach misses you. The jackal barely misses you.
The jackal bites you.
You closely miss the giant cockroach. Your kick misses the giant cockroach.
You hear a splashing noise.
The giant cockroach barely misses you. The jackal bites you.
* * * LOW HITPOINT WARNING * * *
The jackal barely misses you.
You hit the giant cockroach but do no damage.
You claw the giant cockroach.
You kill the giant cockroach!
The jackal closely misses you. The jackal misses you.
A ball python comes into view.
The jackal bites you.
* * * LOW HITPOINT WARNING * * *
The jackal bites you but does no damage.
The ball python hisses angrily.
You hit the jackal.
The jackal is almost dead.
The jackal bites you.
You die...

#.#≈...~#..#
##.≈<..~.#.# ..
#.#≈...~#..# .# ~
##.≈≈≈≈~.#.#####.## PS
##.#.#.#.#.........##PP♣
.##.#.#.#.####.#.....PP~
...#.#.#.#.....#.......P
..#.#.#.#.#.#..#.h..$#
#...........#..h@....#
##############.......#
#.#........ #.##..#.###
... ..# .# .#.. .... #
#.......... . ........#.
.. ## #.#


You could see 2 jackals and a ball python.

Vanquished Creatures
  A dart slug (D:1)
  A giant cockroach (D:1)
  A goblin (D:1)
  A hobgoblin (D:1)
  A jackal (D:1)
  A rat (D:1)
6 creatures vanquished.

Vanquished Creatures (others)
  5 plants (D:1)
5 creatures vanquished.

Grand Total: 11 creatures vanquished

Notes
Turn   | Place    | Note
-------+----------+-------------------------------------------
     0 | D:1      | eriqlaplus the Tengu Air Elementalist began the quest for
                  | the Orb.
     0 | D:1      | Reached XP level 1. HP: 10/10 MP: 4/4
   305 | D:1      | Reached XP level 2. HP: 9/15 MP: 0/6
   309 | D:1      | Slain by a jackal

Illustrated notes

Levels and vault maps discovered:
D:1:      ncdulo_watergridlock, layout_basic, grunt_decor_resistance,
          serial_bayou_lagoon_a

Action                   || total
-------------------------++-------
Melee: Unarmed           ||    15
       Kick              ||     4
 Cast: Shock             ||     9
Armor: Robe              ||     7
Dodge: Dodged            ||    14
